 Dungeon Crawl Stone Soup version 0.27-a0-941-g386ccf399c (webtiles) character file.

Game seed: 17308605814226971759

588 Glokmah the Magician (level 7, -11/50 HPs)
             Began as a Djinni Ice Elementalist on Apr 11, 2021.
             Mangled by a wyvern skeleton (16 damage)
             ... on level 5 of the Dungeon.
             The game lasted 00:16:48 (6222 turns).

Glokmah the Magician (Djinni Ice Elementalist)      Turns: 6222, Time: 00:16:48

Health: -11/50     AC:  2    Str:  7    XL:     7   Next: 38%
Gold:   126        EV: 32    Int: 18    God:
                   SH:  0    Dex: 14

rFire    + + .     SeeInvis .   r - +0 dagger (drain)
rCold    . . .     Faith    .   (no shield)
rNeg     . . .     Spirit   .   a - +0 robe
rPois    ∞         Reflect  .   (no helmet)
rElec    .         Harm     .   (no cloak)
rCorr    .         Rampage  .   (no gloves)
Will     .....                  (boots unavailable)
Stlth    ++........             n - amulet of the acrobat
HPRegen  0.16/turn              k - ring of protection from cold
MPRegen  0.00/turn              u - +4 ring of evasion

@: sluggish, acrobatic, flying, very slow
A: fire resistance 2, cold vulnerability 1, float, innate caster, hp casting,
extra vitality 1
a: no special abilities


You were on level 5 of the Dungeon.
You visited 1 branch of the dungeon, and saw 5 of its levels.

You collected 126 gold pieces.

Inventory:

Hand Weapons
 q - a +0 hunting sling
 r - a +0 dagger of draining (weapon)
Missiles
 c - 12 boomerangs
 f - 3 atropa-tipped darts
 i - 138 stones
Armour
 a - a +0 robe (worn)
 m - a +0 leather armour
Jewellery
 k - a ring of protection from cold (left hand)
 n - an amulet of the acrobat (around neck)
 u - a +4 ring of evasion (right hand)
Scrolls
 b - a scroll of torment {unknown}
 d - 3 scrolls of teleportation {unknown}
 e - a scroll of silence {unknown}
 h - 2 scrolls of fog {unknown}
 l - a scroll of fear {unknown}
 o - 2 scrolls of identify {unknown}
 s - a scroll of blinking {unknown}
 w - a scroll of enchant armour {unknown}
Potions
 g - a potion of might {unknown}
 j - 4 potions of curing {unknown}
 p - 3 potions of degeneration {unknown}
 t - a potion of flight {unknown}
 v - a potion of cancellation {unknown}


   Skills:
 + Level 3.3 Fighting
 - Level 2.0 Armour
 + Level 4.4 Dodging
 - Level 1.5 Stealth
 * Level 5.6 Spellcasting


You couldn't memorise any spells.
You knew the following spells:

 Your Spells              Type           Power      Damage    Failure   Level
a - Freeze                Ice            100%       1d11      1%          1
b - Frozen Ramparts       Ice            50%        1d7       3%          3
c - Sting                 Tmut/Pois      100%       1d8       1%          1
d - Ozocubu's Armour      Ice            25%        N/A       3%          3
e - Static Discharge      Conj/Air       25%        N/A       3%          3
f - Hailstorm             Conj/Ice       25%        3d7       12%         4
g - Swiftness             Air            25%        N/A       1%          2
h - Metabolic Englaciati  Hex/Ice        12%        N/A       32%         5
Your spell library was empty.

Dungeon Overview and Level Annotations

Branches:
Dungeon (5/15)
 Temple: D:4-7

Altars:
Fedhas
Gozag
Hepliaklqana
Xom

Shops:
D:2 =


Innate Abilities, Weirdness & Mutations

You are immune to poison.
Your flesh is very heat resistant. (rF++)
You are vulnerable to cold. (rC-)
You float through the air rather than walking.
You learn spells naturally, not from books.
Your magical power is your life essence.
You have superior vitality. (+4 HP)


Message History

The wyvern skeleton bites you!
Casting: Freeze (safe; 1% risk of failure)
Confirm with . or Enter, or press ? or * to list all spells.
Aiming: Freeze (safe; 1% risk of failure)
Press: ? - help, Shift-Dir - straight line, f/p - wyvern skeleton
Aim: a wyvern skeleton (lightly damaged)
You freeze the wyvern skeleton.
The wyvern skeleton resists.
The wyvern skeleton is lightly damaged.
The wyvern skeleton closely misses you.
Casting: Freeze (safe; 1% risk of failure)
Confirm with . or Enter, or press ? or * to list all spells.
Aiming: Freeze (safe; 1% risk of failure)
Press: ? - help, Shift-Dir - straight line, f/p - wyvern skeleton
Aim: a wyvern skeleton (lightly damaged)
You freeze the wyvern skeleton but do no damage.
The wyvern skeleton completely resists.
The wyvern skeleton bites you! The wyvern skeleton barely misses you.
Casting: Freeze (safe; 1% risk of failure)
Confirm with . or Enter, or press ? or * to list all spells.
Aiming: Freeze (safe; 1% risk of failure)
Press: ? - help, Shift-Dir - straight line, f/p - wyvern skeleton
Aim: a wyvern skeleton (lightly damaged)
You freeze the wyvern skeleton.
The wyvern skeleton resists.
The wyvern skeleton is lightly damaged.
The wyvern skeleton bites you!
* * * LOW HITPOINT WARNING * * *
Casting: Freeze (safe; 1% risk of failure)
Confirm with . or Enter, or press ? or * to list all spells.
You feel quick.
* * * LOW HITPOINT WARNING * * *
The wyvern skeleton bites you!
* * * LOW HITPOINT WARNING * * *
The wyvern skeleton misses you.
Found a black potion.
A bullfrog skeleton comes into view.
You start to feel a little slower.
Found 8 bolts.
You feel sluggish. The iguana completely misses you.
The wyvern skeleton bites you!
You die...

... .......##... ...
..........### ... ...........#
#####...... #.............
........##.##.........#.... .
#.......##..............(.. ..
#.......#..................
...#...........@Z.............
................l.............
..................Z.....!.....
...(...........<.............#
........!..#...............##
..........###[......##......#
...........#[..#............#
...............#...........##
##.......?.................#


You could see an iguana, a bullfrog skeleton and a wyvern skeleton.

Vanquished Creatures
  A scorpion (D:4)
  4 jellies
  2 orc priests
  An iguana (D:5)
  Natasha (twice) (D:3)
  3 orc wizards
  8 adders
  An ufetubus (D:4)
  2 worms
  3 dart slugs
  5 orcs
  19 endoplasms
  2 giant cockroaches
  6 hobgoblins
  6 jackals
  4 quokkas
  6 ball pythons
  9 bats
  4 frilled lizards
  11 goblins
  15 kobolds
  3 rats
117 creatures vanquished.

Vanquished Creatures (others)
  9 fungi (D:2)
  5 toadstools (D:2)
14 creatures vanquished.

Grand Total: 131 creatures vanquished

Notes
Turn   | Place    | Note
-------+----------+-------------------------------------------
     0 | D:1      | Glokmah the Djinni Ice Elementalist began the quest for the
                  | Orb.
     0 | D:1      | Reached XP level 1. HP: 15/15 MP: 0/0
   393 | D:1      | Reached XP level 2. HP: 20/22 MP: 0/0
  1184 | D:1      | Reached skill level 1 in Fighting
  1184 | D:1      | Reached XP level 3. HP: 24/27 MP: 0/0
  1184 | D:1      | Learned a level 1 spell: Sting
  1251 | D:1      | Reached skill level 1 in Armour
  1524 | D:2      | Reached skill level 4 in Spellcasting
  1924 | D:2      | Reached XP level 4. HP: 18/32 MP: 0/0
  2546 | D:2      | Reached XP level 5. HP: 26/38 MP: 0/0
  2546 | D:2      | Learned a level 2 spell: Swiftness
  2907 | D:2      | Found Wycial's Jewellery Shop.
  3136 | D:2      | Found a faded altar of an unknown god.
  3851 | D:3      | Reached XP level 6. HP: 37/44 MP: 0/0
  4062 | D:3      | Noticed Natasha
  4068 | D:3      | Killed Natasha
  4304 | D:3      | Noticed Natasha
  4306 | D:3      | Killed Natasha
  4307 | D:3      | Reached skill level 5 in Spellcasting
  4341 | D:3      | Found a hazy altar of Hepliaklqana.
  4818 | D:4      | Found a blossoming altar of Fedhas.
  5282 | D:4      | Found a shimmering altar of Xom.
  5289 | D:4      | Reached XP level 7. HP: 47/50 MP: 0/0
  5289 | D:4      | Learned a level 3 spell: Static Discharge
  5600 | D:4      | Found an opulent altar of Gozag.
  5823 | D:5      | Entered Level 5 of the Dungeon
  6200 | D:5      | HP: 2/50 [wyvern skeleton (10)]
  6222 | D:5      | Mangled by a wyvern skeleton

Illustrated notes

Levels and vault maps discovered:
D:1:      lemuel_arrival_muddy, layout_loops_ring, minmay_misc_feat_rugged
D:2:      cheibrodos_fertilizer, layout_basic, serial_rivers,
          chequers_serial_rivers_micro_a, chequers_serial_rivers_large_a,
          chequers_serial_rivers_marsh, chequers_serial_rivers_small_b,
          chequers_serial_rivers_micro_a, chequers_serial_rivers_micro_d,
          serial_shops, nicolae_shop_waterfront,
          ebering_ecumenical_altar_sacrificial, nrook_mini_vaults,
          interstate_on_off
D:3:      layout_basic, lemuel_round_altar, chequers_mini_garden, uniq_natasha
D:4:      layout_basic, overflow_temple_1_default, lemuel_round_altar,
          nicolae_overflow_hidden_temple, grunt_ministairs_13,
          kennysheep_generic_room_11
D:5:      layout_cave_pools

Skill      XL: |  1  2  3  4  5  6 |
---------------+-------------------+-----
Fighting       | 1 2 3 |  3.3
Armour         | 1 2 |  2.0
Spellcasting   | 4 5 |  5.6
Dodging        | 3 4 |  4.4
Stealth        | |  1.5

Action                   |  1- 3 |  4- 6 |  7- 9 || total
-------------------------+-------+-------+-------++-------
Melee: Unarmed           |     4 |       |       ||     4
       Dagger            |       |     2 |       ||     2
 Cast: Freeze            |    48 |    51 |    19 ||   118
       Sting             |    14 |    68 |    15 ||    97
       Frozen Ramparts   |     3 |    11 |     7 ||    21
       Ozocubu's Armour  |       |     4 |     1 ||     5
       Swiftness         |       |       |     1 ||     1
Armor: Robe              |    10 |    12 |     2 ||    24
Dodge: Dodged            |    27 |    35 |    12 ||    74

Table legend: (Time is in decaauts)
 A = Elapsed time spent in this place.
 B = Non-inter-level travel time spent in this place.
 C = Inter-level travel time spent in this place.
 D = Time resting spent in this place.
 E = Time spent auto-exploring this place.
 F = Levels seen in this place.
 G = Mean time per level.
                   A        B        C        D        E       F      G
               +--------+--------+--------+--------+--------+-----+--------+
         Total |   6217 |   6051 |    166 |    887 |   4280 |   5 | 1243.4 |
       Dungeon |   6217 |   6051 |    166 |    887 |   4280 |   5 | 1243.4 |
               +--------+--------+--------+--------+--------+-----+--------+

Top non-repeatable levels by time:
     D:2: 2083 daAuts
     D:4: 1708 daAuts
     D:1: 1429 daAuts
     D:3: 886 daAuts
     D:5: 109 daAuts
